Map: Frozen Temple

Players

Todd

  • Race: Protoss Protoss
  • League: Gold
  • Spawn Location: 5:00

Fropez - Winner!

  • Race: Protoss Protoss
  • League: Gold
  • Spawn Location: 11:00

VOD

Have the link to the VOD?

Description

Time

  • Played on: Oct. 25, 2016, 6:46 p.m.
  • Length: 18:47
Show
View Real Time Build Order
Export as new Build Order

Todd Protoss 

Build Orders: Dark Templar Rush 

Get SALT Encoding   

  12  0:02  Probe (Chrono Boost)  
  13  0:13  Probe (Chrono Boost)  
  14  0:20  Pylon  
  14  0:23  Probe (Chrono Boost)  
  15  0:30  Assimilator  
  15  0:38  Probe (Chrono Boost)  
  16  0:46  Gateway  
  16  0:53  Probe (Chrono Boost)  
  16  0:56  Assimilator  
  17  1:06  Forge  
  17  1:10  Probe (Chrono Boost)  
  18  1:26  Probe (Chrono Boost)  
  19  1:36  Pylon  
  19  1:37  Probe (Chrono Boost)  
  20  1:41  Pylon  
  20  1:48  Probe (Chrono Boost)  
  21  1:55  Cybernetics Core  
  21  1:58  Photon Cannon  
  21  1:59  Probe (Chrono Boost)  
  22  2:06  Pylon  
  22  2:10  Probe (Chrono Boost)  
  23  2:16  Zealot  
  25  2:28  Gateway  
  25  2:35  Twilight Council  
  25  2:39  Warp Gate (Chrono Boost)  
  25  3:00  Stalker  
  25  3:02  Mothership Core  
  29  3:20  Dark Shrine  
  26  3:52  Sentry, Stalker  
  30  4:01  Pylon  
  30  4:06  Pylon  
  26  4:45  Dark Templar  
  26  4:46  Dark Templar  
  26  5:39  Dark Templar  
  26  5:40  Dark Templar  
  30  5:48  Stargate  
  30  6:05  Pylon  
  30  6:14  Nexus  
  30  6:15  Pylon  
  30  6:19  Assimilator  
  30  6:22  Assimilator  
  30  6:29  Pylon  
  30  6:31  Dark Templar  
  32  6:37  Void Ray (Chrono Boost)  
  36  6:47  Pylon  
  36  6:52  Photon Cannon  
  36  6:54  Photon Cannon  
  36  6:56  Pylon  
  36  6:59  Pylon  
  36  7:09  Stargate  
  36  7:10  Probe  
  36  7:14  Gateway  
  37  7:18  Gateway  
  37  7:22  Probe  
  38  7:31  Pylon  
  38  7:34  Probe, Robotics Facility  
  39  7:49  Sentry  
  41  7:51  Adept  
  41  7:52  Probe  
  44  8:02  Probe  
  43  8:13  Probe  
  43  8:15  Dark Templar  
  46  8:23  Probe  
  47  8:44  Void Ray (Chrono Boost)  
  51  8:50  Probe  
  52  8:56  Photon Cannon  
  52  9:00  Photon Cannon  
  52  9:01  Probe  
  53  9:11  Observer, Probe  
  55  9:19  Probe  
  55  9:22  Probe  
  57  9:31  Probe  
  57  9:32  Probe  
  59  9:38  Fleet Beacon  
  59  9:43  Probe x2  
  61  9:50  Oracle (Chrono Boost)  
  64  9:54  Probe  
  64  9:55  Probe  
  64  10:04  Void Ray (Chrono Boost)  
  68  10:08  Probe  
  67  10:24  Dark Templar  
  67  10:25  Adept  
  71  10:32  Immortal  
  79  10:36  Tempest (Chrono Boost)  
  78  10:53  Void Ray (Chrono Boost)  
  82  11:01  Zealot x2  
  86  11:16  Immortal  
  88  11:46  Adept x2  
  89  12:19  Void Ray x2 (Chrono Boost)  
  97  12:23  Nexus  
  97  12:26  Pylon  
  97  12:36  Dark Templar  
  99  12:37  Pylon, Dark Templar  
  101  12:56  Stargate  
  82  13:32  Void Ray (Chrono Boost)  
  82  13:33  Void Ray (Chrono Boost)  
  90  13:44  Mothership Core  
  92  13:56  Nexus  
  43  14:54  Pylon  
  43  14:56  Dark Templar x2  
  43  14:57  Pylon  
  43  15:04  Carrier x2 (Chrono Boost)  
  55  15:16  Photon Cannon  
  55  15:17  Photon Cannon  
  55  15:20  Photon Cannon  
  55  15:24  Photon Cannon  
  55  15:25  Immortal  
  59  15:28  Assimilator  
  59  15:30  Assimilator  
  63  15:45  Carrier (Chrono Boost)  
  54  16:07  Dark Templar  
  52  16:18  Void Ray x2 (Chrono Boost)  
  59  16:21  Mothership Core  
  47  16:47  Zealot x2  
  45  17:04  Tempest (Chrono Boost)  
  39  17:10  Void Ray (Chrono Boost)  
  35  17:17  Dark Templar  
  19  17:34  Zealot  
  16  18:06  Pylon  
  7  18:38  Zealot  
Show
View Real Time Build Order
Export as new Build Order

Fropez Protoss - Winner!

Build Orders:  

Get SALT Encoding   

  12  0:02  Probe (Chrono Boost)  
  13  0:15  Pylon  
  13  0:18  Probe (Chrono Boost)  
  14  0:29  Probe (Chrono Boost)  
  15  0:41  Gateway  
  15  0:43  Probe (Chrono Boost)  
  16  0:56  Probe (Chrono Boost)  
  17  1:05  Assimilator  
  17  1:07  Probe (Chrono Boost)  
  18  1:12  Gateway  
  18  1:17  Probe (Chrono Boost)  
  19  1:19  Pylon  
  19  1:28  Probe (Chrono Boost)  
  20  1:51  Nexus  
  20  1:56  Pylon  
  20  2:11  Cybernetics Core  
  20  2:13  Cybernetics Core  
  20  2:19  Pylon  
  20  2:20  Probe (Chrono Boost)  
  21  2:56  Mothership Core (Chrono Boost)  
  23  2:59  Assimilator  
  23  3:01  Pylon  
  24  3:05  Probe (Chrono Boost)  
  24  3:09  Robotics Facility  
  24  3:11  Warp Gate (Chrono Boost)  
  24  3:15  Adept  
  26  3:30  Probe (Chrono Boost)  
  26  3:31  Probe (Chrono Boost)  
  28  3:36  Adept  
  28  3:51  Pylon  
  28  3:52  Probe (Chrono Boost)  
  29  3:56  Gateway  
  29  3:57  Probe (Chrono Boost)  
  29  4:00  Observer  
  31  4:24  Probe x2 (Chrono Boost)  
  34  4:42  Probe  
  34  4:43  Probe  
  36  4:54  Probe  
  32  5:12  Stalker  
  29  5:39  Gateway  
  29  5:41  Gateway  
  29  5:44  Gateway  
  29  5:45  Gateway  
  29  5:47  Twilight Council  
  29  5:50  Pylon, Stalker x2  
  29  5:52  Pylon  
  33  5:58  Immortal  
  37  6:05  Pylon, Probe x2  
  37  6:07  Pylon  
  39  6:15  Pylon  
  39  6:17  Probe  
  40  6:22  Assimilator  
  40  6:40  Resonating Glaives (Chrono Boost)  
  40  6:49  Assimilator  
  40  6:52  Zealot  
  40  6:53  Zealot x4  
  50  7:11  Probe x2  
  52  7:16  Adept x3  
  58  7:36  Stalker x2  
  62  7:47  Probe  
  62  7:48  Probe  
  64  7:52  Observer  
  64  7:55  Stalker  
  67  8:02  Stalker  
  67  8:03  Probe x2  
  71  8:17  Probe x2  
  73  8:24  Gateway  
  73  8:26  Gateway  
  73  8:29  Probe  
  73  8:33  Observer, Pylon  
  71  8:51  Stalker x2  
  71  8:52  Stalker  
  77  9:02  Probe x2  
  79  9:09  Immortal  
  83  9:21  Probe  
  83  9:22  Probe  
  85  9:25  Forge  
  85  9:26  Stalker  
  85  9:29  Pylon  
  86  9:44  Stalker x4  
  94  10:05  Probe  
  95  10:07  Nexus  
  95  10:08  Pylon  
  95  10:46  Stalker x3  
  95  10:47  Stalker x2  
  105  11:01  Photon Cannon  
  105  11:06  Pylon  
  105  11:17  Photon Cannon  
  105  11:18  Pylon  
  105  11:19  Probe x2  
  105  11:20  Probe, Photon Cannon  
  108  11:31  Photon Cannon  
  108  11:36  Stalker x2  
  106  11:52  Photon Cannon  
  106  11:54  Pylon  
  106  11:55  Probe x2  
  106  11:57  Pylon  
  96  12:02  Protoss Ground Weapons Level 1 (Chrono Boost)  
  96  12:05  Adept x2  
  96  12:06  Pylon  
  91  12:23  Stalker x4  
  98  12:32  Blink  
  98  12:38  Stalker x4  
  79  13:31  Stalker x2  
  79  13:32  Stalker x5  
  93  13:36  Assimilator  
  93  13:37  Probe  
  93  13:38  Probe x2, Assimilator  
  96  13:42  Photon Cannon  
  96  13:44  Photon Cannon  
  96  13:46  Observer  
  97  14:14  Protoss Ground Weapons Level 2 (Chrono Boost)  
  97  14:26  Mothership Core  
  87  14:50  Stalker  
  87  14:51  Stalker x4  
  87  14:52  Stalker x2  
  95  15:09  Pylon  
  95  15:11  Photon Cannon  
  95  15:17  Photon Cannon  
  95  15:22  Pylon  
  95  15:35  Photon Cannon  
  95  15:36  Pylon  
  95  15:37  Stalker x6  
  95  15:38  Stalker x2  
  109  16:14  Stalker x2  
  109  16:15  Stalker x5  
  101  17:50  Nexus  
  95  17:51  Pylon  
  95  17:53  Pylon  
  95  17:55  Assimilator  
  95  17:57  Assimilator  
  95  18:00  Pylon  
  95  18:05  Pylon  
  87  18:07  Pylon  
  83  18:13  Pylon  
  83  18:18  Pylon  
  83  18:19  Stalker x3  
  85  18:20  Stalker x5  
  85  18:25  Observer  
Tags
 
League
GoldGold
Matchup
PvP
Replay Pack
All Mines
Spawn Locations
Cross Positions
Add a new tag
Caveats
  • Supply blocks, unpowered buildings, or Contaminate may cause inaccurate times.
  • Supply counts are checked every 10 seconds.